Map: Oxide LE

Players

MaxPax - Winner!

  • Race: Protoss Protoss
  • Spawn Location: 1:00

Solar

  • Race: Zerg Zerg
  • Spawn Location: 7:00

Event: StayAtHome Story Cup #3

VOD

Have the link to the VOD?

Description

Time

  • Played on: March 11, 2021, 9:10 a.m.
  • Length: 8:51

All games in this series

Show
View Real Time Build Order
Export as new Build Order

MaxPax Protoss - Winner!

Build Orders: 1 Gate Expand, Oracle Opening 

Get SALT Encoding   

  12  0:00  Probe  
  13  0:12  Probe  
  14  0:19  Pylon  
  14  0:24  Probe  
  15  0:37  Probe (Chrono Boost)  
  15  0:40  Gateway  
  16  0:49  Probe (Chrono Boost), Assimilator  
  17  0:56  Probe (Chrono Boost)  
  18  1:03  Probe  
  19  1:15  Probe  
  20  1:26  Nexus  
  20  1:37  Cybernetics Core  
  20  1:40  Probe  
  20  1:46  Assimilator  
  21  1:52  Probe  
  22  1:56  Pylon  
  22  2:04  Probe  
  23  2:11  Adept (Chrono Boost)  
  25  2:17  Probe  
  25  2:21  Stargate  
  26  2:28  Warp Gate  
  26  2:29  Probe  
  27  2:31  Adept (Chrono Boost)  
  29  2:38  Probe  
  29  2:41  Probe  
  31  2:50  Probe  
  32  2:53  Probe  
  32  2:54  Adept  
  35  3:02  Probe  
  35  3:03  Oracle (Chrono Boost)  
  35  3:05  Probe  
  40  3:14  Probe  
  40  3:17  Probe  
  42  3:22  Gateway  
  42  3:26  Probe  
  42  3:27  Void Ray (Chrono Boost)  
  43  3:29  Probe  
  42  3:39  Probe  
  42  3:41  Probe, Pylon  
  45  3:44  Shield Battery  
  46  3:52  Gateway  
  46  3:59  Probe x2  
  48  4:07  Assimilator  
  48  4:11  Probe x2  
  48  4:12  Pylon  
  48  4:16  Assimilator  
  50  4:20  Adept  
  50  4:21  Adept  
  54  4:26  Stargate  
  54  4:27  Nexus  
  54  4:30  Probe x2  
  56  4:31  Void Ray (Chrono Boost)  
  56  4:34  Pylon  
  56  4:42  Probe  
  56  4:43  Pylon  
  56  4:45  Probe  
  62  4:52  Robotics Facility  
  62  5:03  Probe  
  62  5:04  Probe  
  64  5:09  Void Ray (Chrono Boost)  
  66  5:15  Probe  
  66  5:16  Void Ray (Chrono Boost)  
  66  5:17  Probe  
  66  5:20  Assimilator  
  70  5:24  Assimilator  
  70  5:27  Probe, Shield Battery  
  71  5:29  Probe  
  71  5:32  Adept  
  74  5:39  Probe  
  74  5:41  Probe x2, Robotics Bay  
  77  5:44  Forge  
  77  5:52  Probe  
  77  5:53  Void Ray (Chrono Boost)  
  77  5:56  Probe, Void Ray (Chrono Boost)  
  83  5:57  Probe  
  83  6:00  Shield Battery  
  83  6:01  Pylon  
  84  6:08  Probe  
  84  6:10  Shield Battery  
  89  6:14  Probe  
  90  6:19  Probe  
  90  6:20  Probe  
  90  6:24  Twilight Council  
  90  6:25  Disruptor (Chrono Boost)  
  92  6:26  Probe, Pylon  
  92  6:31  Probe, Sentry x2  
  101  6:35  Pylon  
  101  6:37  Pylon  
  101  6:39  Probe  
  99  6:43  Void Ray x2 (Chrono Boost)  
  99  6:44  Probe, Pylon  
  100  6:48  Probe  
  100  6:53  Probe  
  110  7:12  Probe  
  110  7:15  Templar Archives  
  111  7:18  Gateway  
  111  7:19  Gateway x2, Disruptor  
  111  7:21  Pylon  
  114  7:26  Zealot x2  
  118  7:30  Gateway  
  118  7:32  Gateway  
  118  7:36  Phoenix x2 (Chrono Boost)  
  118  7:37  Photon Cannon  
  122  7:48  Gateway  
  122  7:54  Disruptor  
  122  7:57  Photon Cannon  
  125  8:07  Zealot x2  
  129  8:12  Gateway  
  129  8:14  Gateway, Zealot x3  
  129  8:19  Pylon  
  135  8:29  Zealot, High Templar x2, Pylon  
  135  8:33  Pylon, Nexus  
  141  8:34  Archon  
  146  8:44  Stalker  
Show
View Real Time Build Order
Export as new Build Order

Solar Zerg 

Build Orders: Hatch First 

Get SALT Encoding   

  12  0:00  Drone  
  13  0:12  Overlord  
  13  0:17  Drone  
  14  0:32  Drone x2  
  16  0:44  Drone  
  17  0:52  Hatchery  
  17  0:55  Drone  
  17  0:58  Drone  
  18  1:04  Extractor  
  17  1:15  Spawning Pool  
  17  1:16  Drone  
  17  1:20  Drone  
  18  1:28  Drone  
  19  1:39  Drone  
  20  1:49  Overlord  
  20  2:02  Queen  
  20  2:04  Queen, Zergling x2  
  20  2:05  Zergling x2  
  26  2:10  Metabolic Boost  
  26  2:12  Drone  
  26  2:15  Drone  
  28  2:23  Drone  
  28  2:27  Drone  
  30  2:37  Hatchery  
  30  2:38  Zergling x2  
  30  2:40  Drone  
  31  2:48  Queen  
  33  2:52  Overlord  
  33  2:54  Drone  
  34  2:59  Drone  
  34  3:00  Drone  
  35  3:11  Zergling x2  
  35  3:12  Zergling x2  
  37  3:13  Zergling x2  
  37  3:14  Zergling x2  
  37  3:16  Drone x2  
  37  3:17  Drone  
  41  3:21  Overlord  
  41  3:22  Drone  
  41  3:27  Queen  
  41  3:29  Drone  
  41  3:31  Drone  
  44  3:35  Overlord  
  44  3:40  Drone  
  44  3:41  Spore Crawler  
  43  3:44  Drone x2  
  43  3:47  Drone  
  46  3:55  Queen  
  43  3:56  Drone  
  43  4:01  Drone x2  
  44  4:06  Drone x2  
  44  4:09  Drone  
  47  4:15  Drone  
  47  4:16  Drone, Spore Crawler  
  48  4:19  Drone x2  
  48  4:23  Drone  
  50  4:25  Drone  
  50  4:26  Drone  
  50  4:29  Drone  
  53  4:33  Overlord  
  53  4:35  Drone x3  
  53  4:37  Drone  
  57  4:42  Overlord  
  57  4:44  Overlord  
  57  4:52  Drone x5  
  62  4:54  Zergling x2  
  61  5:00  Zergling x2  
  61  5:02  Lair  
  61  5:04  Zergling x6  
  66  5:07  Zergling x2  
  66  5:10  Drone x4  
  66  5:11  Drone  
  66  5:13  Drone  
  70  5:15  Drone  
  70  5:16  Drone  
  70  5:18  Drone  
  70  5:24  Roach Warren  
  70  5:25  Extractor x2, Drone  
  70  5:28  Drone  
  69  5:29  Queen  
  69  5:32  Zergling x4  
  69  5:35  Drone x3  
  76  5:37  Overlord  
  76  5:41  Extractor, Drone x2  
  76  5:42  Extractor  
  76  5:46  Drone  
  76  5:51  Drone  
  76  5:52  Drone  
  78  5:57  Drone x5  
  78  5:58  Drone, Evolution Chamber  
  78  6:00  Queen  
  78  6:03  Drone  
  85  6:04  Overlord  
  85  6:08  Drone x3  
  85  6:09  Drone  
  89  6:11  Extractor  
  89  6:12  Spire  
  89  6:13  Queen  
  89  6:15  Overlord  
  89  6:17  Drone  
  88  6:18  Drone  
  89  6:26  Overseer  
  89  6:28  Drone  
  89  6:29  Drone x2  
  93  6:32  Drone  
  93  6:33  Drone  
  93  6:35  Hatchery  
  93  6:36  Overlord  
  93  6:39  Queen  
  95  6:40  Drone  
  95  6:44  Overlord  
  95  6:46  Drone x2  
  98  6:47  Drone  
  98  6:48  Drone x2  
  103  6:57  Overlord  
  103  7:00  Overlord x2  
  103  7:01  Extractor  
  98  7:02  Extractor  
  98  7:06  Overlord  
  95  7:14  Hatchery  
  94  7:21  Queen x2  
  97  7:34  Drone x3  
  100  7:40  Overlord  
  100  7:44  Mutalisk  
  100  7:45  Mutalisk x3  
  100  7:49  Mutalisk  
  100  7:50  Mutalisk  
  112  7:52  Mutalisk x3  
  118  7:59  Hydralisk Den  
  118  8:00  Baneling Nest  
  118  8:03  Drone x2, Mutalisk x3  
  124  8:09  Mutalisk x2  
  130  8:15  Hydralisk Den  
  130  8:16  Zergling x4  
  130  8:19  Overlord  
  131  8:20  Zergling x4  
  131  8:23  Drone x2  
  131  8:24  Drone x3  
  131  8:26  Overseer  
  138  8:31  Overlord  
Tags
 
Add a new tag
Caveats
  • Supply blocks, unpowered buildings, or Contaminate may cause inaccurate times.
  • Supply counts are checked every 10 seconds.